 Dungeon Crawl Stone Soup version 0.24.0-37-gcf1ca852f1 (webtiles) character file.

Game seed: 14646490348975522263, levelgen mode: deterministic

96 FishyPogo the Skirmisher (level 4, -2/41 HPs)
             Began as a Minotaur Monk on Dec 1, 2019.
             Slain by an orc wizard
             ... wielding a +0 dagger
              (4 damage)
             ... on level 4 of the Dungeon.
             The game lasted 00:05:01 (1251 turns).

FishyPogo the Skirmisher (Minotaur Monk)            Turns: 1251, Time: 00:05:01

Health: -2/41      AC:  4    Str: 17    XL:     4   Next: 41%
Magic:  3/3        EV: 13    Int:  7    God:
Gold:   95         SH:  0    Dex: 12    Spells: 3/3 levels left

rFire    . . .     SeeInvis .   a - +0 spear
rCold    . . .     Gourm    .   (no shield)
rNeg     . . .     Faith    .   g - +1 leather armour (curse)
rPois    .         Spirit   .   (helmet restricted)
rElec    .         Reflect  .   (no cloak)
rCorr    .         Harm     .   (no gloves)
MR       .....                  (no boots)
Stlth    ++........             (no amulet)
HPRegen  0.13/turn              (no ring)
MPRegen  0.08/turn              (no ring)

@: no status effects
A: retaliatory headbutt, horns 2
a: no special abilities


You were on level 4 of the Dungeon.
You were not hungry.

You visited 1 branch of the dungeon, and saw 4 of its levels.

You collected 95 gold pieces.

Inventory:

Hand Weapons
 a - a +0 spear (weapon)
 k - a +3 hand axe
Missiles
 b - 17 stones (quivered)
 f - 6 boomerangs
Armour
 g - a cursed +1 leather armour (worn)
Scrolls
 d - a scroll of identify
Comestibles
 c - a ration
 h - 5 chunks of flesh


   Skills:
 * Level 4.5 Fighting
 - Level 4.0 Polearms
 + Level 0.9 Throwing
 * Level 2.3 Armour
 + Level 3.8 Dodging
 + Level 2.0 Stealth


You had 3 spell levels left.
You didn't know any spells.
Your spell library was empty.

Dungeon Overview and Level Annotations

Branches:
Dungeon (4/15)
 Temple: D:4-7

Altars:

Annotations:
D:3 Terence


Innate Abilities, Weirdness & Mutations

You reflexively headbutt those who attack you in melee.
You have a pair of horns on your head.


Message History

You closely miss the orc priest.
The orc priest is severely wounded.
The orc wizard closely misses you.
The orc priest hits you with a +0 hand axe.
* * * LOW HITPOINT WARNING * * *
You closely miss the orc priest.
The orc priest is severely wounded.
The orc wizard barely misses you. The orc hits you.
* * * LOW HITPOINT WARNING * * *
The orc wizard barely misses you. The orc priest misses you.
You closely miss the orc priest. You headbutt the orc priest.
You kill the orc priest!
Your Stealth skill increases to level 2!
The orc closely misses you. The orc wizard misses you.
Unknown command.
You are too injured to fight recklessly!
You aren't carrying any potions.
You completely miss the orc wizard.
The orc wizard hits you with a +0 dagger.
You die...

..............<##
................#
.........#......####
.........#..#......###
.........#.##....#[..#
.........#.#..$......##
#.....%....#..........#
#...<.................#
................@.....#
...##..........)oo..###
.#. ........#...####
.#. ........##.## ..
.....#. .. .. $...##
... ##..# ... ....


You could see an orc wizard and an orc.

Vanquished Creatures
  An orc priest (D:4)
  3 adders
  An ooze (D:2)
  An adder skeleton (D:4)
  A dart slug (D:1)
  3 orcs
  6 goblins
  2 hobgoblins (D:2)
  3 kobolds (D:1)
  A quokka (D:3)
  A ball python (D:4)
  3 bats
  2 frilled lizards (D:1)
  3 rats (D:1)
31 creatures vanquished.

Notes
Turn   | Place    | Note
-------+----------+-------------------------------------------
     0 | D:1      | FishyPogo the Minotaur Monk began the quest for the Orb.
     0 | D:1      | Reached XP level 1. HP: 19/19 MP: 0/0
     2 | D:1      | Noticed a naga
     2 | D:1      | Noticed a minotaur
     4 | D:1      | Noticed a dwarf
     4 | D:1      | Noticed an ogre
     6 | D:1      | Noticed a felid
     6 | D:1      | Noticed a centaur
     8 | D:1      | Noticed an elf
    10 | D:1      | Noticed a formicid
    12 | D:1      | Noticed an octopode
    12 | D:1      | Noticed a troll
    14 | D:1      | Noticed a vine stalker
    14 | D:1      | Noticed a draconian
    16 | D:1      | Noticed a merfolk
    18 | D:1      | Noticed a human
    18 | D:1      | Noticed a gargoyle
    20 | D:1      | Noticed a demonspawn
    23 | D:1      | Noticed a tengu
    23 | D:1      | Noticed a halfling
    25 | D:1      | Noticed a ghoul
    25 | D:1      | Noticed a demigod
    27 | D:1      | Noticed a vampire
    27 | D:1      | Noticed a spriggan
   262 | D:1      | Reached XP level 2. HP: 26/27 MP: 1/1
   785 | D:2      | Reached skill level 1 in Armour
   838 | D:2      | Reached XP level 3. HP: 19/33 MP: 2/2
  1192 | D:3      | Noticed Terence
  1239 | D:4      | Reached XP level 4. HP: 34/41 MP: 3/3
  1249 | D:4      | HP: 2/41 [orc (4)]
  1251 | D:4      | Slain by an orc wizard

Levels and vault maps discovered:
D:1:      kb_arrival_jail, layout_basic, minmay_tripent
D:2:      layout_loops_corners, lemuel_blue_sif_altar, kennysheep_path_1,
          minivault_19, grunt_decor_cap
D:3:      layout_loops_ring, nemelex_xobeh_ov_fountains_minmay, uniq_ijyb,
          uniq_terence
D:4:      layout_cave_pools, lightli_temple_of_fire, gammafunk_ghost_cemetery,
          first_ration, uniq_grinder

Skill      XL: |  1  2  3  4 |
---------------+-------------+-----
Polearms       | 4 |  4.0
Armour         | 1 2 |  2.3
Fighting       | 4 |  4.5
Stealth        | 2 |  2.0
Throwing       | |  0.9
Dodging        | |  3.8

Action                   |  1- 3 |  4- 6 || total
-------------------------+-------+-------++-------
Melee: Spear             |    82 |    11 ||    93
       Headbutt          |    12 |     1 ||    13
Throw: Stone             |     2 |       ||     2
  Use: Scroll            |     4 |       ||     4
 Stab: Sleeping          |     5 |       ||     5
  Eat: Chunk             |     1 |       ||     1
Armor: Robe              |     2 |       ||     2
       Leather armour    |     2 |       ||     2
Dodge: Dodged            |    23 |     7 ||    30
